 Dungeon Sprint DCSS version 0.31.0-11-ge490571c62 (webtiles) character file.

Game seed: 7695394483892609636

600 thiscave3701365 the Grappler (level 7, -10/63 HPs)
             Began as a Gnoll Berserker on Feb 8, 2024.
             Was an Elder of Trog.
             Mangled by a merfolk
             ... wielding a +0 trident
              (11 damage)
             ... in the Dungeon (Sprint V: "Ziggurat Sprint").
             The game lasted 00:02:46 (253 turns).

thiscave3701365 the Grappler (Gnoll Berserker)       Turns: 253, Time: 00:02:47

Health: -10/63     AC: 28    Str: 30    XL:     7   Next: 41%
Magic:  15/15      EV: 10    Int:  7    God:    Trog [****..]
Gold:   0          SH:  0    Dex: 11    Spells: 17/17 levels left

rFire   . . .        i - +27 heavy crossbow "Sniper" {heavy, Acc+∞ SInv}
rCold   . . .        (shield currently unavailable)
rNeg    . . .        j - +15 Maxwell's patent armour {-Cast -Tele rElec Will+ rCorr}
rPois   .            (no helmet)
rElec   +            (no cloak)
rCorr   +            (no gloves)
SInv    +            (no boots)
Will    +....        (no amulet) Stlth
                     q - +6 ring of strength
HPRegen 0.30/turn    p - +6 ring of strength
MPRegen 0.14/turn

%: no teleportation, no spellcasting
@: no status effects
A: fangs 1, strong nose, distributed training
a: Renounce Religion, Berserk, Trog's Hand, Brothers in Arms


You were in the Dungeon.
You worshipped Trog.
Trog was greatly pleased with you.
You visited 1 branch

Inventory:

Hand Weapons
 a - the +9 morningstar "Lawkimpa" {venom, *Noise Int+7}
   (You found it in the Dungeon)

   Int+7:     It affects your intelligence (+7).
   *Noise:    It may make a loud noise when swung.
 h - the +10 dark maul {heavy}
   (You found it in the Dungeon)
 i - the +27 heavy crossbow "Sniper" (weapon) {heavy, Acc+∞ SInv}
   (You found it in the Dungeon)

   Acc+∞: It never misses its target.
   SInv:      It lets you see invisible.
 D - the +7 halberd of a Million Continents {freeze, Dex+2}
   (You found it in the Dungeon)

   Dex+2:     It affects your dexterity (+2).
Armour
 j - the +15 Maxwell's patent armour (worn) {-Cast -Tele rElec Will+ rCorr}
   (You found it in the Dungeon)

   rElec:     It insulates you from electricity.
   Will+:     It increases your willpower.
   -Cast:     It prevents spellcasting.
   -Tele:     It prevents most forms of teleportation.
   rCorr:     It protects you from acid and corrosion.
Jewellery
 k - a ring of flight
 l - a +6 ring of dexterity
 m - a +6 ring of dexterity
 n - a +6 ring of intelligence
 o - a +6 ring of intelligence
 p - a +6 ring of strength (right hand)
 q - a +6 ring of strength (left hand)
Talismans
 u - a beast talisman
 v - a blade talisman
 w - a maw talisman
 x - a serpent talisman
Wands
 r - a wand of mindburst (7)
 s - a wand of iceblast (7)
 t - a wand of acid (7)
Scrolls
 g - 4 scrolls of blinking
 y - 7 scrolls of fog
 z - 5 scrolls of identify
 A - 2 scrolls of fear
Potions
 b - 10 potions of curing
 c - 10 potions of heal wounds
 d - 10 potions of haste
 e - 7 potions of magic
 f - 3 potions of berserk rage
 B - 2 potions of invisibility
 C - 4 potions of resistance
 E - 5 potions of might


   Skills:
 + Level 8.9 Fighting
 + Level 5.8 Short Blades
 + Level 5.8 Long Blades
 + Level 5.8 Axes
 + Level 5.8 Maces & Flails
 + Level 5.8 Polearms
 + Level 5.8 Staves
 + Level 5.8 Ranged Weapons
 + Level 5.8 Throwing
 + Level 7.5 Armour
 + Level 7.5 Dodging
 + Level 5.8 Stealth
 + Level 5.8 Shields
 + Level 8.9 Unarmed Combat
 + Level 5.8 Spellcasting
 + Level 4.8 Conjurations
 + Level 4.8 Hexes
 + Level 4.8 Summonings
 + Level 4.8 Necromancy
 + Level 4.8 Translocations
 + Level 4.8 Fire Magic
 + Level 4.8 Ice Magic
 + Level 4.8 Air Magic
 + Level 4.8 Earth Magic
 + Level 4.8 Alchemy
 + Level 6.4 Invocations
 + Level 5.8 Evocations
 + Level 5.3 Shapeshifting


You had 17 spell levels left.
You didn't know any spells.
Your spell library was empty.

Dungeon Overview and Level Annotations

Branches:
Dungeon (1/1)

Altars:
Ashenzari
Cheibriados
Dithmenos
Elyvilon
Fedhas
Gozag
Hepliaklqana
Kikubaaqudgha
Makhleb
Nemelex Xobeh
Okawaru
Qazlal
Ru
Sif Muna
Trog
Uskayaw
Vehumet
Wu Jian
Xom
Yredelemnul
Zin
The Shining One
Jiyva
Lugonu

Annotations:
D 1 transporter


Innate Abilities, Weirdness & Mutations

You have very sharp teeth.
Your uncanny sense of smell can sniff out nearby items.
Your experience applies equally to all skills.


Message History

The merfolk hits you but does no damage.
The merfolk hits you from afar with a +0 trident.
The merfolk closely misses you.
The merfolk hits you but does no damage.
The merfolk hits you from afar with a +0 trident!
Unknown command.
Fire: i) +27 heavy crossbow "Sniper" {heavy, Acc+∞ SInv}
Press: ? - help, Shift-Dir - straight line, f/p - merfolk
Aim: a merfolk, wielding a +0 trident and quivering boomerangs (100% to hit)
You shoot a bolt. The bolt hits the merfolk!!
The merfolk is heavily wounded.
The merfolk hits you from afar with a +0 trident! x2
* * * LOW HITPOINT WARNING * * *
The merfolk throws a boomerang.
The boomerang hits you!
* * * LOW HITPOINT WARNING * * *
The merfolk hits you from afar with a +0 trident.
* * * LOW HITPOINT WARNING * * *
The merfolk barely misses you.
The merfolk hits you but does no damage.
The merfolk throws a boomerang.
The boomerang hits you but does no damage.
The merfolk closely misses you.
The merfolk throws a boomerang.
The boomerang hits you but does no damage.
The merfolk hits you but does no damage.
The merfolk throws a boomerang.
The boomerang closely misses you.
The merfolk throws a boomerang.
The boomerang hits you but does no damage.
Fire: i) +27 heavy crossbow "Sniper" {heavy, Acc+∞ SInv}
Press: ? - help, Shift-Dir - straight line, f/p - merfolk
Aim: a merfolk, wielding a +0 trident and quivering boomerangs (100% to hit)
You shoot a bolt. The bolt hits the merfolk!!!
You kill the merfolk!
Trog accepts your kill.
The merfolk hits you from afar with a +0 trident.
* * * LOW HITPOINT WARNING * * *
The merfolk throws a boomerang.
The boomerang closely misses you. The merfolk closely misses you.
The merfolk throws a boomerang.
The boomerang hits you but does no damage.
The merfolk hits you from afar with a +0 trident!
You die...

▓..©..▓..©..▓▓▓▓▓▓▓
▓▓▓▓▓▓▓▓▓▓▓▓▓▓▓▓▓▓▓
▓..8©8...▓..8©8...▓
▓...))...▓../)/...▓
▓...|....▓..|.=...▓
▓........▓........▓
▓........▓..mmmm..▓
∆
▓.▓†...▓.▓.▓....▓.▓
∆
▓...©....▓...@....▓
▓▓▓▓▓▓▓▓▓▓▓▓▓▓▓▓▓▓▓
∆∆∆∆ ∆∆∆ ∆∆∆ ∆∆∆


You could see 4 merfolk.

Vanquished Creatures
  A merfolk (D)
  A naga (D)
  4 hell hounds (D)
  A crimson imp (D)
  An iron imp (D)
  An adder (D)
  An ufetubus (D)
  A bat zombie (D)
  2 ball pythons (D)
  A ball python zombie (D)
14 creatures vanquished.

Notes
Turn   | Place    | Note
-------+----------+-------------------------------------------
     0 | D        | thiscave3701365 the Gnoll Berserker began the quest for the
                  | Orb.
     0 | D        | Reached XP level 1. HP: 23/23 MP: 1/1
     2 | D        | Found a shimmering blue altar of Sif Muna.
     2 | D        | Found a bloodstained altar of Trog.
     2 | D        | Found a sacrificial altar of Ru.
     2 | D        | Found a stormy altar of Qazlal.
     2 | D        | Found an iron altar of Okawaru.
     4 | D        | Found a sparkling altar of Nemelex Xobeh.
     4 | D        | Found the +6 Majin-Bo {spellvamp, MP+6 Int+6}
     4 | D        | Found the +27 heavy crossbow "Sniper" {heavy, Acc+∞ SInv}
     4 | D        | Found the +10 dark maul {heavy}
     4 | D        | Found the +15 Maxwell's patent armour {-Cast -Tele rElec
                  | Will+ rCorr}
     4 | D        | Found the +18 shield of the Gong {Loud rN+ Will+ rCorr
                  | EV-5}
     4 | D        | Found the +16 obsidian axe {drain, demonic, Mesm ^Drain Fly
                  | SInv}
     4 | D        | Found the +7 great mace "Firestarter" {flame, immolate,
                  | rFlCloud rF++}
     4 | D        | Found the +6 shillelagh "Devastator" {shatter}
     4 | D        | Found the +11 plutonium sword {^Contam Stlth-}
     4 | D        | Found the +8 lance "Wyrmbane" {slay drac, rPois rF+ rC+
                  | AC+3}
     4 | D        | Found the +9 sword of Zonguldrok {reap}
     4 | D        | Found the +13 scythe of Curses {drain, curses, ^Drain}
     4 | D        | Found the +9 sword of Power {lifebolt}
     4 | D        | Found the +7 mace of Variability {chaos, chaos arc}
     4 | D        | Found the +11 Singing Sword {sonic wave}
     4 | D        | Found the +8 storm bow {elec, penet}
     5 | D        | Found an ancient bone altar of Kikubaaqudgha.
     5 | D        | Found a transporter.
     5 | D        | Found a corrupted altar of Lugonu.
     5 | D        | Found a viscous altar of Jiyva.
     5 | D        | Found a burning altar of Makhleb.
     5 | D        | Found a hazy altar of Hepliaklqana.
     5 | D        | Found an opulent altar of Gozag.
    34 | D        | Found a blossoming altar of Fedhas.
    53 | D        | Reached skill level 5 in Armour
    53 | D        | Reached skill level 5 in Dodging
    53 | D        | Reached XP level 2. HP: 31/31 MP: 1/5
    83 | D        | Entered arena 2.
    83 | D        | Noticed a crimson imp
    83 | D        | Found a transporter.
    85 | D        | Killed a crimson imp
    86 | D        | Reached XP level 3. HP: 36/36 MP: 4/7
   120 | D        | Entered arena 3.
   120 | D        | Noticed a hell hound
   120 | D        | Noticed a hell hound
   120 | D        | Found a transporter.
   121 | D        | Reached ** piety under Trog
   123 | D        | Killed a hell hound
   124 | D        | Reached XP level 4. HP: 44/44 MP: 8/10
   124 | D        | Reached XP level 5. HP: 49/49 MP: 8/11
   124 | D        | Killed a hell hound
   125 | D        | Reached skill level 5 in Invocations
   125 | D        | Reached XP level 6. HP: 56/56 MP: 8/12
   161 | D        | Entered arena 4.
   161 | D        | Noticed a naga
   161 | D        | Found a transporter.
   162 | D        | Killed a naga
   162 | D        | Reached *** piety under Trog
   163 | D        | Reached skill level 5 in Short Blades
   163 | D        | Reached skill level 5 in Long Blades
   163 | D        | Reached skill level 5 in Axes
   163 | D        | Reached skill level 5 in Maces & Flails
   163 | D        | Reached skill level 5 in Polearms
   163 | D        | Reached skill level 5 in Staves
   163 | D        | Reached skill level 5 in Ranged Weapons
   163 | D        | Reached skill level 5 in Throwing
   163 | D        | Reached skill level 5 in Stealth
   163 | D        | Reached skill level 5 in Shields
   163 | D        | Reached skill level 5 in Spellcasting
   163 | D        | Reached skill level 5 in Evocations
   202 | D        | Got the +9 morningstar "Lawkimpa" {venom, *Noise Int+7}
   205 | D        | Got the +7 halberd of a Million Continents {freeze, Dex+2}
   207 | D        | Entered arena 5.
   207 | D        | Noticed a hell hound
   207 | D        | Noticed a hell hound
   207 | D        | Found a transporter.
   209 | D        | Killed a hell hound
   209 | D        | Reached **** piety under Trog
   210 | D        | Reached skill level 5 in Shapeshifting
   210 | D        | Reached XP level 7. HP: 63/63 MP: 13/15
   250 | D        | Entered arena 6.
   250 | D        | Noticed a merfolk
   250 | D        | Noticed a merfolk
   250 | D        | Noticed a merfolk
   250 | D        | Noticed a merfolk
   250 | D        | Noticed a merfolk
   250 | D        | Found a transporter.
   252 | D        | HP: 2/63 [merfolk/+0 trident (3)]
   253 | D        | Killed a merfolk
   253 | D        | Mangled by a merfolk

Illustrated notes

Levels and vault maps discovered:
D:        sprint_v [room_start, room_1, room_2, room_3, room_4, room_5, room_6,
          room_7, room_8, room_9, room_10, room_11, room_12, room_13, room_14,
          room_15, room_16, room_17, room_18, room_19, room_20, room_21,
          room_22, room_23, room_24, room_25, room_26, room_27]

Skill      XL: |  1  2  3  4  5  6 |
---------------+-------------------+-----
Fighting       | 7 8 |  8.9
Short Blades   | 2 3 4 5 |  5.8
Long Blades    | 2 3 4 5 |  5.8
Axes           | 2 3 4 5 |  5.8
Maces & Flails | 2 3 4 5 |  5.8
Polearms       | 2 3 4 5 |  5.8
Staves         | 2 3 4 5 |  5.8
Ranged Weapons | 2 3 4 5 |  5.8
Throwing       | 2 3 4 5 |  5.8
Armour         | 5 6 7 |  7.5
Dodging        | 5 6 7 |  7.5
Stealth        | 2 3 4 5 |  5.8
Shields        | 2 3 4 5 |  5.8
Unarmed Combat | 7 8 |  8.9
Spellcasting   | 2 3 4 5 |  5.8
Conjurations   | 2 3 4 |  4.8
Hexes          | 2 3 4 |  4.8
Summonings     | 2 3 4 |  4.8
Necromancy     | 2 3 4 |  4.8
Translocations | 2 3 4 |  4.8
Fire Magic     | 2 3 4 |  4.8
Ice Magic      | 2 3 4 |  4.8
Air Magic      | 2 3 4 |  4.8
Earth Magic    | 2 3 4 |  4.8
Alchemy        | 2 3 4 |  4.8
Invocations    | 2 3 4 5 6 |  6.4
Evocations     | 2 3 4 5 |  5.8
Shapeshifting  | 2 3 4 5 |  5.3

Action                     |  1- 3 |  4- 6 |  7- 9 || total
---------------------------+-------+-------+-------++-------
   Fire: Heavy crossbow    |     5 |     7 |     7 ||    19
    Use: Potion            |     1 |       |       ||     1
 Armour: Plate armour      |    17 |    21 |    32 ||    70
  Dodge: Dodged            |     6 |    16 |    16 ||    38
